 Dungeon Crawl Stone Soup version 0.31-a0-981-geadf994542 (webtiles) character file.

Game seed: 17820413430529853640

154 AIAndy the Shield-Bearer (level 5, -3/43 HPs)
             Began as a Gnoll Wanderer on Nov 1, 2023.
             Killed by divine providence
             ... invoked by an orc priest
              (9 damage)
             ... on level 4 of the Dungeon.
             The game lasted 00:10:15 (2569 turns).

AIAndy the Shield-Bearer (Gnoll Wanderer)           Turns: 2569, Time: 00:10:16

Health: -3/43      AC:  8    Str:  9    XL:     5   Next: 35%
Magic:  9/9        EV:  5    Int: 14    God:
Gold:   207        SH:  0    Dex: 13    Spells: 9/10 levels left

rFire   + . .        s - +4 whip
rCold   + . .        e - +2 buckler
rNeg    . . .        o - +0 ring mail
rPois   +            p - +0 helmet
rElec   +            b - +0 cloak
rCorr   +            f - +0 pair of gloves
SInv    .            (no boots)
Will    .....        (no amulet)
Stlth   ++           (no ring)
HPRegen 0.27/turn    (no ring)
MPRegen 0.11/turn

%: no passive effects
@: resistant, held
A: fangs 1, strong nose, distributed training
a: no special abilities


You were on level 4 of the Dungeon.
You visited 1 branch of the dungeon, and saw 4 of its levels.

You collected 207 gold pieces.


Innate Abilities, Weirdness & Mutations

You have very sharp teeth.
Your uncanny sense of smell can sniff out nearby items.
Your experience applies equally to all skills.


   Skills:
 + Level 4.8 Fighting
 + Level 1.5 Short Blades
 + Level 1.5 Long Blades
 + Level 1.5 Axes
 + Level 1.5 Maces & Flails
 + Level 1.5 Polearms
 + Level 1.5 Staves
 + Level 1.5 Ranged Weapons
 + Level 1.5 Throwing
 + Level 1.5 Armour
 + Level 3.0 Dodging
 + Level 4.4 Stealth
 + Level 4.8 Shields
 + Level 1.5 Unarmed Combat
 + Level 3.2 Spellcasting
 + Level 1.2 Conjurations
 + Level 1.2 Hexes
 + Level 1.2 Summonings
 + Level 2.4 Necromancy
 + Level 1.2 Translocations
 + Level 1.2 Transmutations
 + Level 1.2 Fire Magic
 + Level 1.2 Ice Magic
 + Level 1.2 Air Magic
 + Level 1.2 Earth Magic
 + Level 1.2 Poison Magic
 + Level 1.7 Invocations
 + Level 3.0 Evocations
 + Level 1.3 Shapeshifting


You had 9 spell levels left.
You knew the following spells:

 Your Spells              Type           Power      Damage    Failure   Level
X - Kiss of Death         Conj/Necr      28%        2d7       36%         1

Your spell library contained the following spells:

 Spells                   Type           Power      Damage    Failure   Level
 Vampiric Draining        Necr           9%         2d6       67%         3

Inventory:

Hand Weapons
 r - a +0 falchion of flaming
 s - a +4 whip (weapon)
Armour
 b - a +0 cloak (worn)
 e - a +2 buckler (worn)
 f - a +0 pair of gloves (worn)
 o - a +0 ring mail (worn)
 p - a +0 helmet (worn)
Talismans
 q - a beast talisman
Scrolls
 c - a scroll of vulnerability {!r}
 g - 3 scrolls of identify {unknown}
 h - a scroll of blinking {unknown}
 k - a scroll of enchant armour {unknown}
 n - a scroll of revelation {unknown}
Potions
 a - a potion of degeneration {unknown}
 d - a potion of might {unknown}
 i - a potion of curing {@q1}
 j - a potion of brilliance {unknown}
 m - 3 potions of resistance
 t - a potion of heal wounds {unknown}

Dungeon Overview and Level Annotations

Branches:
Dungeon (4/15)
 Temple: D:4-7

Altars:
Trog

Shops:
D:3 (

Annotations:
D:4 Grinder

.. ..... ....
...##.... ..).
...#..... .....
........##...
..........
#......# ##
#..ggg.##.##
###.o@g5#...
......ol..>..##
##..S..o......#
##..........####
.J.........^...#
..8......<.......
.......o.........
..8.........####l
..........#


You could see Grinder, an iguana, a jelly, an orc priest, 4 gnolls, an adder and
3 orcs.


Message History

* * * LOW HITPOINT WARNING * * *
The iguana barely misses you.
The orc shouts!
As you read the scroll labelled DAIKAKUGUA, it crumbles to dust.
It is a scroll of amnesia.
Okay, then.
The orc hits you with a +0 flail!
* * * LOW HITPOINT WARNING * * *
The iguana bites you!
* * * LOW HITPOINT WARNING * * *
The gnoll barely misses you.
The orc priest looks satisfied for a moment.
It was a potion of curing.
You feel better.
The jelly quivers.
The adder hisses angrily.
The gnoll barely misses you. The orc hits you but does no damage.
Something hits you but does no damage. The iguana bites you!
* * * LOW HITPOINT WARNING * * *
The orc barely misses you.
It was a potion of resistance.
You feel protected. The gnoll barely misses you.
The orc hits you but does no damage. Something hits you.
* * * LOW HITPOINT WARNING * * *
The gnoll barely misses you. x2; The gnoll completely misses you.
The iguana bites you but does no damage.
The orc barely misses you.
The orc priest mumbles some strange prayers to Beogh against you.
Beogh smites you!
You die...

Skill      XL: |  1  2  3  4  5 |
---------------+----------------+-----
Necromancy     | 2 |  2.4
Invocations    | 1 |  1.7
Short Blades   | 1 |  1.5
Long Blades    | 1 |  1.5
Axes           | 1 |  1.5
Maces & Flails | 1 |  1.5
Polearms       | 1 |  1.5
Staves         | 1 |  1.5
Ranged Weapons | 1 |  1.5
Throwing       | 1 |  1.5
Armour         | 1 |  1.5
Unarmed Combat | 1 |  1.5
Shapeshifting  | 1 |  1.3
Spellcasting   | 3 |  3.2
Conjurations   | 1 |  1.2
Hexes          | 1 |  1.2
Summonings     | 1 |  1.2
Translocations | 1 |  1.2
Transmutations | 1 |  1.2
Fire Magic     | 1 |  1.2
Ice Magic      | 1 |  1.2
Air Magic      | 1 |  1.2
Earth Magic    | 1 |  1.2
Poison Magic   | 1 |  1.2
Dodging        | 3 |  3.0
Evocations     | 3 |  3.0
Fighting       | |  4.8
Stealth        | |  4.4
Shields        | |  4.8

Action                     |  1- 3 |  4- 6 || total
---------------------------+-------+-------++-------
  Melee: Dagger            |   177 |    85 ||   262
         Bite              |    17 |    11 ||    28
         Whip              |       |    39 ||    39
   Cast: Kiss of Death     |     1 |       ||     1
    Use: Potion            |       |     2 ||     2
         Scroll            |       |     1 ||     1
   Stab: Sleeping          |     6 |     5 ||    11
 Armour: Robe              |    76 |       ||    76
         Leather armour    |     4 |    12 ||    16
         Ring mail         |       |    57 ||    57
  Dodge: Dodged            |   107 |    59 ||   166
  Block: Buckler           |    75 |    31 ||   106

Levels and vault maps discovered:
D:1:      dpeg_arrival_three_same_balls, layout_rooms, serial_bayou,
          serial_bayou_shore_a, serial_bayou_pond_d, serial_bayou_lagoon_b,
          serial_bayou_crossing
D:2:      minmay_spotlight, layout_basic
D:3:      layout_rooms, trog_book, serial_shops,
          nicolae_shop_bloodbath_and_beyond, grunt_decor_resistance
D:4:      layout_cave_pools, eat_drink_and_be_merry_uskayaw,
          chequers_temple_overflow_minitemple, uniq_grinder

Notes
Turn   | Place    | Note
-------+----------+-------------------------------------------
     0 | D:1      | AIAndy the Gnoll Wanderer began the quest for the Orb.
     0 | D:1      | AIAndy set off with the following items: a +0 dagger, a +0
                  | cloak, a scroll of vulnerability {!r}, a +0 robe, a +2
                  | buckler; and the following spell memorised: Kiss of Death;
                  | and the following spells available to memorise: Vampiric
                  | Draining.
     0 | D:1      | Reached XP level 1. HP: 20/20 MP: 4/4
    68 | D:1      | Reached skill level 2 in Necromancy
   174 | D:1      | Reached XP level 2. HP: 21/23 MP: 5/5
   737 | D:1      | Reached XP level 3. HP: 31/31 MP: 7/7
  1062 | D:2      | Reached skill level 1 in Invocations
  1209 | D:2      | Reached skill level 1 in Short Blades
  1209 | D:2      | Reached skill level 1 in Long Blades
  1209 | D:2      | Reached skill level 1 in Axes
  1209 | D:2      | Reached skill level 1 in Maces & Flails
  1209 | D:2      | Reached skill level 1 in Polearms
  1209 | D:2      | Reached skill level 1 in Staves
  1209 | D:2      | Reached skill level 1 in Ranged Weapons
  1209 | D:2      | Reached skill level 1 in Throwing
  1209 | D:2      | Reached skill level 1 in Armour
  1209 | D:2      | Reached skill level 1 in Unarmed Combat
  1355 | D:2      | Reached skill level 1 in Shapeshifting
  1355 | D:2      | Reached XP level 4. HP: 38/38 MP: 8/8
  1565 | D:2      | Reached skill level 3 in Spellcasting
  1818 | D:3      | Identified the "Wizok"
  1919 | D:3      | Reached skill level 1 in Conjurations
  1919 | D:3      | Reached skill level 1 in Hexes
  1919 | D:3      | Reached skill level 1 in Summonings
  1919 | D:3      | Reached skill level 1 in Translocations
  1919 | D:3      | Reached skill level 1 in Transmutations
  1919 | D:3      | Reached skill level 1 in Fire Magic
  1919 | D:3      | Reached skill level 1 in Ice Magic
  1919 | D:3      | Reached skill level 1 in Air Magic
  1919 | D:3      | Reached skill level 1 in Earth Magic
  1919 | D:3      | Reached skill level 1 in Poison Magic
  2206 | D:3      | Reached XP level 5. HP: 40/43 MP: 9/9
  2311 | D:3      | Found a bloodstained altar of Trog.
  2324 | D:3      | Reached skill level 3 in Dodging
  2324 | D:3      | Reached skill level 3 in Evocations
  2371 | D:3      | Found Nuun Jaa's Weapon Boutique.
  2550 | D:4      | Noticed Grinder
  2562 | D:4      | Paralysed by Grinder for 4 turns
  2569 | D:4      | Identified 4 potions of resistance
  2569 | D:4      | Killed from afar by an orc priest

Vanquished Creatures
  An orc priest (D:3)
  5 adders
  A worm (D:2)
  2 dart slugs
  7 orcs
  4 bats
  4 endoplasms
  A giant cockroach (D:3)
  8 goblins
  3 hobgoblins
  6 jackals
  5 kobolds
  2 quokkas (D:3)
  9 ball pythons
  A frilled lizard (D:3)
  4 rats
63 creatures vanquished.

Table legend: (Time is in decaauts)
 A = Elapsed time spent in this place.
 B = Non-inter-level travel time spent in this place.
 C = Inter-level travel time spent in this place.
 D = Time resting spent in this place.
 E = Time spent auto-exploring this place.
 F = Levels seen in this place.
 G = Mean time per level.
                   A        B        C        D        E       F      G
               +--------+--------+--------+--------+--------+-----+--------+
         Total |   2618 |   2378 |    240 |      0 |   1709 |   4 |  654.5 |
       Dungeon |   2618 |   2378 |    240 |      0 |   1709 |   4 |  654.5 |
               +--------+--------+--------+--------+--------+-----+--------+

Top non-repeatable levels by time:
     D:1: 1143 daAuts
     D:2: 770 daAuts
     D:3: 695 daAuts
     D:4: 9 daAuts

Table legend:
 A = Non-vault XP
 B = Vault XP
 C = Vault XP percentage of total XP
 D = Non-vault monster count
 E = Vault monster count
 F = Vault count percentage of total count
                 A         B        C        D         E       F
            +---------+---------+-------+---------+---------+-------
      Total |     205 |      15 |   6.8 |      61 |       2 |   3.2
            +---------+---------+-------+---------+---------+-------
        D:1 |      34 |       0 |   0.0 |      20 |       0 |   0.0
        D:2 |      64 |      15 |  19.0 |      20 |       2 |   9.1
        D:3 |     107 |       0 |   0.0 |      21 |       0 |   0.0
            +---------+---------+-------+---------+---------+-------
